 Dungeon Crawl Stone Soup version 0.31-a0-854-g362426d53f (webtiles) character file.

Game seed: 4716266403398744370

132 Kurtz the Sneak (level 5, 0/49 HPs)
             Began as a Naga Delver on Oct 8, 2023.
             Slain by a black bear (3 damage)
             ... on level 3 of the Dungeon.
             The game lasted 00:02:18 (856 turns).

Kurtz the Sneak (Naga Delver)                        Turns: 856, Time: 00:02:19

Health: 0/49       AC:  3    Str: 14    XL:     5   Next: 15%
Magic:  5/5        EV:  9    Int: 10    God:
Gold:   77         SH:  0    Dex: 15    Spells: 4/4 levels left

rFire   . . .        h - +0 war axe
rCold   . . .        (no shield)
rNeg    . . .        b - +0 leather armour
rPois   +            (no helmet)
rElec   .            (no cloak)
rCorr   .            (no gloves)
SInv    +            (no barding)
Will    .....        (no amulet)
Stlth   +++          (no ring)
HPRegen 0.28/turn    (no ring)
MPRegen 0.09/turn

%: no passive effects
@: short of breath, very slow
A: AC +1, large, see invisible, deformed body, poison resistance, slowness 2,
spit poison 1, naga tail 1
a: Spit Poison


You were on level 3 of the Dungeon.
You visited 1 branch of the dungeon, and saw 3 of its levels.

You collected 77 gold pieces.

Inventory:

Hand Weapons
 a - a +0 hand axe
 h - a +0 war axe (weapon)
Armour
 b - a +0 leather armour (worn)
Wands
 g - a wand of digging (3)
Scrolls
 c - a scroll of fog
 d - a scroll of revelation
 e - a scroll of fear
 j - a scroll of summoning {unknown}
Potions
 f - a potion of haste
 i - a potion of curing {unknown}
 l - a potion of mutation {unknown}


   Skills:
 - Level 3.0 Fighting
 + Level 5.2 Axes
 - Level 1.5 Dodging
 - Level 7.2 Stealth


You had 4 spell levels left.
You didn't know any spells.
Your spell library was empty.

Dungeon Overview and Level Annotations

Branches:
Dungeon (5/15)
 Temple: D:4-7

Altars:

Annotations:
D:5 exclusion: hound


Innate Abilities, Weirdness & Mutations

Your serpentine skin is tough. (AC +1)
You have supernaturally acute eyesight. (SInv)
Armour fits poorly on your strangely shaped body.
Your system is resistant to poisons. (rPois)
You cover ground very slowly.
You can spit poison.
You have a snake-like lower body.


Message History

The black bear is heavily wounded.
You have got your breath back.
The black bear bites you. The black bear claws you. x2
The black bear bites you. The black bear barely misses you.
The black bear closely misses you.
You hit the black bear.
The black bear is severely wounded.
The black bear looks more healthy.
The black bear goes berserk!
You slash the black bear!
The black bear is almost dead.
The black bear bites you. The black bear closely misses you.
The black bear claws you. The black bear bites you!
* * * LOW HITPOINT WARNING * * *
The black bear closely misses you. The black bear claws you.
* * * LOW HITPOINT WARNING * * *
Throw: throwing net
Press: ? - help, Q - select action, (/) - cycle Shift-Dir - straight line, f/p - black bear
Aim: a black bear (almost dead, berserk, 64% to hit)
You throw a throwing net. The throwing net hits the black bear.
The black bear is caught in the net!
The black bear is almost dead.
The black bear struggles against the net.
You strike the helpless black bear from behind!
You hit the black bear but do no damage.
The black bear is almost dead.
The black bear struggles against the net. x2
The net rips apart, and the black bear comes free!
Unknown command.
Aiming: Spit Poison (1% risk of failure)
Press: ? - help, Shift-Dir - straight line, f/p - black bear
Aim: a black bear (almost dead, berserk, 70% to hit)
The splash of poison hits the black bear.
The black bear is poisoned.
The black bear is almost dead.
The black bear bites you!
* * * LOW HITPOINT WARNING * * *
The black bear claws you.
* * * LOW HITPOINT WARNING * * *
The black bear claws you.
You die...

### #.. ###.####
......# #
##.##.#.#
##...#.#.#
#.....[..#
##...#.#######
##.##....@..# .#
#.#####..h....?#
.# #.# #..#..##.#
.# ##'## #..#..#
.# ##...## #..# .#
.# ##.....###.^#
.# .#
##.......##..# #
.####.........#...
....'.........+


You could see a black bear (berserk, poisoned).

Vanquished Creatures
  A scorpion (D:4)
  A hound (D:5)
  An iguana (D:5)
  An adder (D:5)
  2 orcs
  A ball python (D:3)
  An endoplasm (D:4)
  A hobgoblin (D:3)
  A kobold (D:3)
10 creatures vanquished.

Notes
Turn   | Place    | Note
-------+----------+-------------------------------------------
     0 | D:5      | Kurtz the Naga Delver began the quest for the Orb.
     0 | D:5      | Reached XP level 1. HP: 21/21 MP: 1/1
     7 | D:5      | Noticed a hound
    25 | D:5      | Killed a hound
    26 | D:5      | Reached XP level 2. HP: 6/28 MP: 2/2
    26 | D:5      | Reached XP level 3. HP: 7/34 MP: 3/3
   238 | D:5      | Reached XP level 4. HP: 18/42 MP: 4/4
   433 | D:4      | Noticed a scorpion
   449 | D:4      | Killed a scorpion
   450 | D:4      | Reached skill level 5 in Axes
   450 | D:4      | Reached XP level 5. HP: 14/49 MP: 5/5
   844 | D:3      | Noticed a black bear
   856 | D:3      | Slain by a black bear

Illustrated notes

Levels and vault maps discovered:
D:3:      layout_loops_corners, gammafunk_temple_overflow_claw,
          nicolae_ru_great_annihilating_truth, gammafunk_temple_overflow_pools,
          glass_columns_a
D:4:      layout_basic, mainiacjoe_overflow_divided_tiny, serial_shops,
          nicolae_shop_just_a_little_nook, minmay_mini_ossuary
D:5:      layout_loops_ring, dk_rats_in_the_wall

Skill      XL: |  1  2  3  4 |
---------------+-------------+-----
Axes           | 3 4 5 |  5.2
Fighting       | |  3.0
Dodging        | |  1.5
Stealth        | |  7.2

Action                     |  1- 3 |  4- 6 || total
---------------------------+-------+-------++-------
  Melee: Hand axe          |    13 |       ||    13
         War axe           |     5 |    22 ||    27
  Throw: Throwing net      |       |     1 ||     1
Ability: Spit Poison       |     4 |     7 ||    11
    Use: Potion            |       |     1 ||     1
   Stab: Held in net/web   |       |     1 ||     1
         Sleeping          |       |     1 ||     1
 Armour: Leather armour    |    17 |    40 ||    57
  Dodge: Dodged            |    10 |    15 ||    25

Table legend: (Time is in decaauts)
 A = Elapsed time spent in this place.
 B = Non-inter-level travel time spent in this place.
 C = Inter-level travel time spent in this place.
 D = Time resting spent in this place.
 E = Time spent auto-exploring this place.
 F = Levels seen in this place.
 G = Mean time per level.
                   A        B        C        D        E       F      G
               +--------+--------+--------+--------+--------+-----+--------+
         Total |   1001 |    985 |     16 |    438 |     88 |   3 |  333.7 |
       Dungeon |   1001 |    985 |     16 |    438 |     88 |   3 |  333.7 |
               +--------+--------+--------+--------+--------+-----+--------+

Top non-repeatable levels by time:
     D:5: 475 daAuts
     D:3: 344 daAuts
     D:4: 181 daAuts
